Demolitions vs Harfangs

Created - March 6, 2018 at 19:06

Goals
1 2 3 T
Demolitions 1 2 3 6
Harfangs 1 1 0 2
Shots
1 2 3 T
Demolitions 6 13 10 29
Harfangs 10 16 10 36

1st period

1. Harfangs , Michal Repik 15 (Nathan Beaulieu 34) at 4:23
2. Demolitions , Bobby Butler 30 (Nicolas Blanchard 28) at 10:41

Penalties :
Tomas Kubalik (BEA) for Boarding (Minor) at 11:38, Michal Repik (BEA) for Hooking (Minor) at 15:07, Frazer Mclaren (Vic) for Interference (Minor) at 17:22

2nd period

3. Demolitions , Jack Skille 16 (Corban Knight 23, Danny DeKeiser 27) at 16:48 (PP)
4. Demolitions , Erik Condra 36 (Mike Sauer 15, Bobby Butler 34) at 16:58
5. Harfangs , Vojtech Polak 21 (Cody Eakin 35) at 19:47

Penalties :
Dylan Olsen (BEA) for Boarding (Minor) at 16:20

3rd period

6. Demolitions , Bobby Butler 31 (Erik Condra 27, Nicolas Blanchard 29) at 1:00
7. Demolitions , Brandon McMillan 7 (Frazer Mclaren 10) at 1:55
8. Demolitions , Nicolas Blanchard 17 (Bobby Butler 35) at 5:20

Penalties :
Corban Knight (Vic) for Boarding (Minor) at 6:04, Victor Bartley (BEA) for Fighting (Major) at 11:58, Erik Condra (Vic) for Fighting (Major) at 11:58, Victor Bartley (BEA) for instigated a fight (Minor) at 11:58, Victor Bartley (BEA) for instigated a fight (10 Minutes Misconduct) at 11:58

Goalie Stats

Olivier Roy (Vic), 34 saves from 36 shots - (0.944), W, 12-15-2, 60:00 minutes
Anton Forsberg (BEA), 7 saves from 8 shots - (0.875), 18:05 minutes
Andrew Hammond (BEA), 16 saves from 21 shots - (0.762), L, 25-16-2, 41:55 minutes

Players Stats for Demolitions

Player Name              G  A  P  +/- PIM S  H  SB GA TA FO     MP     PP MP  PK MP  
------------------------------------------------------------------------------------
Aaron Palushaj           0  0  0   1  0   2  0  0  2  0  0/0    10:23   0:00   0:00 
Andrej Nestrasil         0  0  0   0  0   2  1  0  0  0  2/4    10:46   0:00   0:00 
Andrew Campbell          0  0  0   3  0   3  1  1  0  2  0/0    23:09   0:00   0:00 
Billy Sweat              0  0  0   0  0   0  0  0  0  0  0/0     2:43   2:04   0:00 
Bobby Butler             2  2  4   3  0   5  4  0  1  1  2/4    22:26   3:31   2:29 
Brandon McMillan         1  0  1   1  0   1  2  0  0  1  2/5    10:23   0:00   0:00 
Corban Knight            0  1  1  -1  2   0  7  0  0  0  3/5    14:43   2:45   0:00 
Danny DeKeiser           0  1  1   3  0   0  3  3  1  3  0/0    30:26   3:31   2:20 
Derek Forbort            0  0  0  -1  0   1  4  1  0  0  0/0    11:24   1:05   0:00 
Erik Condra              1  1  2   3  5   2  2  1  1  0  2/4    19:17   2:24   1:06 
Frazer Mclaren           0  1  1   1  2   2  1  2  0  0  0/0    10:26   0:00   0:00 
Jack Skille              1  0  1  -1  0   2  4  0  0  0  0/0    15:52   2:50   1:06 
Josh Beaulieu            0  0  0   0  0   0  0  0  0  0  0/0     2:11   1:40   0:23 
Mike Sauer               0  1  1   1  0   0  2  1  1  0  0/0    19:26   2:11   2:20 
Mikko Lehtonen           0  0  0   0  0   1  1  1  0  0  0/0    11:04   0:12   0:00 
Nicolas Blanchard        1  2  3   3  0   2  2  0  0  1  12/26  19:35   3:10   0:00 
Robert Bortuzzo          0  0  0  -1  0   2  0  1  0  2  0/0    13:15   1:49   1:38 
Ryan Bayda               0  0  0  -1  0   3  0  0  0  0  2/2    14:41   0:28   2:23 
Ryan Russell             0  0  0   0  0   1  0  0  0  0  0/2    10:46   0:00   0:00 
Seth Helgeson            0  0  0   1  0   0  3  0  0  1  0/0    22:14   4:14   1:38 
Thomas DiPauli           0  0  0   0  0   0  0  0  0  0  0/0     0:49   0:11   0:29 

Players Stats for Harfangs

Player Name              G  A  P  +/- PIM S  H  SB GA TA FO     MP     PP MP  PK MP  
------------------------------------------------------------------------------------
Alex Plante              0  0  0  -1  0   0  1  0  0  0  0/0     4:25   0:00   0:00 
Andreas Martinsen        0  0  0  -2  0   1  0  0  1  0  1/1    11:16   0:00   1:09 
Angelo Esposito          0  0  0   1  0   2  0  0  1  0  3/3    12:00   0:00   0:00 
Boone Jenner             0  0  0  -2  0   1  0  0  0  1  1/3    10:31   0:00   0:31 
Brandon Pirri            0  0  0   0  0   0  2  0  0  0  1/1    14:17   1:50   0:00 
Brenden Kichton          0  0  0  -1  0   0  0  0  0  0  0/0     4:52   1:18   0:02 
Brian Lashoff            0  0  0  -2  0   0  1  3  0  0  0/0    19:28   1:23   2:30 
Calle Jarnkrok           0  0  0   0  0   0  1  0  0  1  4/9    14:10   1:50   0:00 
Cody Eakin               0  1  1  -2  0   2  0  0  0  0  15/31  20:44   2:08   3:20 
Cristoval Nieves         0  0  0   0  0   0  0  0  0  0  0/0     1:24   0:00   1:24 
Dennis Everberg          0  0  0  -2  0   2  0  0  0  0  0/1    10:00   0:00   0:00 
Dustin Jeffrey           0  0  0   0  0   2  2  0  1  0  0/0    16:04   1:50   1:53 
Dylan Olsen              0  0  0   0  2   1  0  2  0  1  0/0    19:13   1:17   2:19 
Jake Dotchin             0  0  0   0  0   0  0  0  0  0  0/0     2:54   0:00   1:36 
Joel Armia               0  0  0   0  0   0  0  0  0  0  0/0     0:00   0:00   0:00 
Jujhar Khaira            0  0  0   1  0   2  2  0  1  0  1/1    12:00   0:00   0:00 
Mark Alt                 0  0  0   1  0   1  0  1  0  0  0/0     9:54   0:00   0:00 
Michal Repik             1  0  1   1  2   7  1  0  1  0  0/0    12:00   0:00   0:00 
Nathan Beaulieu          0  1  1   0  0   1  0  0  1  0  0/0    18:09   1:17   3:01 
Nick Holden              0  0  0   1  0   3  1  0  0  0  0/0    12:09   0:00   0:52 
Reid McNeill             0  0  0  -1  0   0  0  0  0  0  0/0     6:43   0:00   0:00 
Sebastian Wannstrom      0  0  0   0  0   0  0  0  0  0  0/0     0:00   0:00   0:00 
Tomas Kubalik            0  0  0  -2  2   4  3  1  2  1  1/2    18:31   2:08   1:14 
Victor Bartley           0  0  0  -3  17  0  2  1  1  1  0/0    22:11   2:41   2:30 
Vojtech Polak            1  0  1  -2  0   7  3  0  2  1  0/0    20:36   2:08   3:19 

3 Stars

1 - Bobby Butler (Vic)
2 - Nicolas Blanchard (Vic)
3 - Danny DeKeiser (Vic)

Power Play

Demolitions - 1 on 4 Attempt(s) - 25.00%
Harfangs - 0 on 2 Attempt(s) - 0.00%

Penalty Kill

Demolitions - 2 on 2 Attempt(s) - 100.00% - Score 0 goal in Penalty Kill
Harfangs - 3 on 4 Attempt(s) - 75.00% - Score 0 goal in Penalty Kill

Team Stat

Demolitions - Hits : 37 - Faceoff Wins : 25 - Blocked Shots : 11 - Penalty Minutes : 9
Harfangs - Hits : 19 - Faceoff Wins : 27 - Blocked Shots : 8 - Penalty Minutes : 23

Official

Referees : LaRue Dennis and O'Halloran Dan
Linesman : Brad Lazarowich and Vaughan Rody

Game Notes

Anton Forsberg enters game at 1:55 of 3rd period
Brian Lashoff is injured at 5:12 of 3rd period (Strained Right Elbow)
Victor Bartley and Erik Condra fight to a draw at 11:58 of 3rd period

Finance

Level 1 -- Attendance: 1481 (74.05%) -- Ticket Income $50,354
Level 2 -- Attendance: 697 (69.70%) -- Ticket Income $13,243
Total Attendance: 2178 (72.60%)
Total Ticket Income: $63,597
Other Income: $3,180
Total Income: $66,777

Demolitions

5 vs 5 Forward 
   Center                   Left Wing                Right Wing               Time % Phy DF OF 
 1 Nicolas Blanchard        Bobby Butler             Erik Condra              60     0   0  5  
 2 Corban Knight            Ryan Bayda               Jack Skille              24     0   0  5  
 3 Brandon McMillan         Frazer Mclaren           Aaron Palushaj           12     0   0  5  
 4 Andrej Nestrasil         Ryan Russell             Mikko Lehtonen           4      0   0  5  

5 vs 5 Defense 
   Defense                  Defense                                           Time % Phy DF OF 
 1 Andrew Campbell          Danny DeKeiser                                    58     0   0  5  
 2 Seth Helgeson            Mike Sauer                                        25     0   0  5  
 3 Robert Bortuzzo          Derek Forbort                                     12     0   0  5  
 4 Danny DeKeiser           Seth Helgeson                                     5      0   0  5  

PowerPlay Forward 
   Center                   Left Wing                Right Wing               Time % Phy DF OF 
 1 Nicolas Blanchard        Bobby Butler             Erik Condra              70     0   0  5  
 2 Corban Knight            Bobby Butler             Jack Skille              30     0   0  5  

PowerPlay Defense
   Defense                  Defense                                           Time % Phy DF OF 
 1 Danny DeKeiser           Seth Helgeson                                     70     0   0  5  
 2 Danny DeKeiser           Seth Helgeson                                     30     0   0  5  

Penalty Kill 4 Players Forward 
   Center                   Wing                     Time % Phy DF OF 
 1 Ryan Bayda               Bobby Butler             60     1   2  2  
 2 Erik Condra              Jack Skille              40     1   2  2  

Penalty Kill 4 Players Defense
   Defense                  Defense                  Time % Phy DF OF 
 1 Mike Sauer               Danny DeKeiser           60     1   2  2  
 2 Robert Bortuzzo          Seth Helgeson            40     1   2  2  

Penalty Kill - 3 Players Forward 
   Forward                                           Time % Phy DF OF 
 1 Ryan Bayda                                        60     1   2  2  
 2 Bobby Butler                                      40     1   2  2  

Penalty Kill - 3 Players Defense
   Defense                  Defense                  Time % Phy DF OF 
 1 Mike Sauer               Danny DeKeiser           60     1   2  2  
 2 Seth Helgeson            Robert Bortuzzo          40     1   2  2  

4 vs 4 Forward 
   Center                   Wing                     Time % Phy DF OF 
 1 Ryan Bayda               Bobby Butler             60     1   2  2  
 2 Erik Condra              Jack Skille              40     1   2  2  

4 vs 4 Defense
   Defense                  Defense                  Time % Phy DF OF 
 1 Mike Sauer               Seth Helgeson            60     1   2  2  
 2 Mike Sauer               Andrew Campbell          40     1   2  2  

Last Minutes Offensive
   Center                   Left Wing                Right Wing               Defense                  Defense                  
   Nicolas Blanchard        Ryan Bayda               Erik Condra              Andrew Campbell          Seth Helgeson            

Last Minutes Defensive
   Center                   Left Wing                Right Wing               Defense                  Defense                  
   Nicolas Blanchard        Ryan Bayda               Erik Condra              Andrew Campbell          Danny DeKeiser           

Goaltenders
Starting : Olivier Roy              
Backup : Joe Cannata              

Extra Forwards
Normal : Billy Sweat, Josh Beaulieu, Bobby Butler - PP : Billy Sweat, Josh Beaulieu - PK : Bobby Butler
Extra Defensemen
Normal : Robert Bortuzzo, Andrew Campbell, Danny DeKeiser - PP : Robert Bortuzzo - PK : Danny DeKeiser, Seth Helgeson
Penalty Shots
Ryan Bayda, Bobby Butler, Erik Condra, Jack Skille, Mikko Lehtonen

Scratches
Alex Hutchings (Healthy), Ryan Olsen (Healthy), Taylor Aronson (Healthy), Taylor Leier (Healthy), Mitchell Moroz (Healthy)
Colton Sceviour (Healthy), Cameron Schilling (Bruised Left Leg Injury), Nick Pryor (Healthy), Jake Paterson (Healthy), Jussi Rynnas (Healthy)

Harfangs

5 vs 5 Forward 
   Center                   Left Wing                Right Wing               Time % Phy DF OF 
 1 Cody Eakin               Vojtech Polak            Tomas Kubalik            40     1   2  2  
 2 Calle Jarnkrok           Dustin Jeffrey           Brandon Pirri            30     1   2  2  
 3 Boone Jenner             Andreas Martinsen        Dennis Everberg          20     1   2  2  
 4 Angelo Esposito          Jujhar Khaira            Michal Repik             10     1   2  2  

5 vs 5 Defense 
   Defense                  Defense                                           Time % Phy DF OF 
 1 Victor Bartley           Brian Lashoff                                     40     1   2  2  
 2 Nathan Beaulieu          Dylan Olsen                                       30     1   2  2  
 3 Nick Holden              Mark Alt                                          20     1   2  2  
 4 Alex Plante              Reid McNeill                                      10     1   2  2  

PowerPlay Forward 
   Center                   Left Wing                Right Wing               Time % Phy DF OF 
 1 Cody Eakin               Vojtech Polak            Tomas Kubalik            60     1   2  2  
 2 Calle Jarnkrok           Dustin Jeffrey           Brandon Pirri            40     1   2  2  

PowerPlay Defense
   Defense                  Defense                                           Time % Phy DF OF 
 1 Victor Bartley           Brian Lashoff                                     60     1   2  2  
 2 Nathan Beaulieu          Dylan Olsen                                       40     1   2  2  

Penalty Kill 4 Players Forward 
   Center                   Wing                     Time % Phy DF OF 
 1 Cody Eakin               Vojtech Polak            60     1   2  2  
 2 Tomas Kubalik            Dustin Jeffrey           40     1   2  2  

Penalty Kill 4 Players Defense
   Defense                  Defense                  Time % Phy DF OF 
 1 Victor Bartley           Brian Lashoff            60     1   2  2  
 2 Nathan Beaulieu          Dylan Olsen              40     1   2  2  

Penalty Kill - 3 Players Forward 
   Forward                                           Time % Phy DF OF 
 1 Cody Eakin                                        60     1   2  2  
 2 Vojtech Polak                                     40     1   2  2  

Penalty Kill - 3 Players Defense
   Defense                  Defense                  Time % Phy DF OF 
 1 Victor Bartley           Brian Lashoff            60     1   2  2  
 2 Nathan Beaulieu          Dylan Olsen              40     1   2  2  

4 vs 4 Forward 
   Center                   Wing                     Time % Phy DF OF 
 1 Cody Eakin               Vojtech Polak            60     1   2  2  
 2 Tomas Kubalik            Dustin Jeffrey           40     1   2  2  

4 vs 4 Defense
   Defense                  Defense                  Time % Phy DF OF 
 1 Victor Bartley           Brian Lashoff            60     1   2  2  
 2 Nathan Beaulieu          Dylan Olsen              40     1   2  2  

Last Minutes Offensive
   Center                   Left Wing                Right Wing               Defense                  Defense                  
   Cody Eakin               Vojtech Polak            Tomas Kubalik            Victor Bartley           Brian Lashoff            

Last Minutes Defensive
   Center                   Left Wing                Right Wing               Defense                  Defense                  
   Cody Eakin               Vojtech Polak            Tomas Kubalik            Victor Bartley           Brian Lashoff            

Goaltenders
Starting : Andrew Hammond           
Backup : Anton Forsberg           

Extra Forwards
Normal : Joel Armia, Sebastian Wannstrom, Cristoval Nieves - PP : Joel Armia, Sebastian Wannstrom - PK : Cristoval Nieves
Extra Defensemen
Normal : Brenden Kichton, Jake Dotchin, Nick Holden - PP : Brenden Kichton - PK : Jake Dotchin, Nick Holden
Penalty Shots
Cody Eakin, Vojtech Polak, Tomas Kubalik, Dustin Jeffrey, Brandon Pirri

Scratches
Colton Sissons (Strained Left Elbow Injury), John Macfarland (Healthy), Brendan Leipsic (Healthy), Jason Kasdorf (Healthy), Mark Visentin (Healthy)
Scott Wedgewood (Healthy)

% Time on Ice - Demolitions

Lines # - Real PCT - Wanted PCT - Time Play
Normal Forward
1 - 33% - 60% - 16:34
2 - 24% - 24% - 11:54
3 - 21% - 12% - 10:23
4 - 22% - 4% - 10:46
Normal Defense
1 - 52% - 58% - 25:52
2 - 26% - 25% - 12:50
3 - 17% - 12% - 8:27
4 - 5% - 5% - 2:28
PP Forward
1 - 64% - 70% - 4:08
2 - 36% - 30% - 2:17
PP Defense
1 - 100% - 70% - 6:25
2 - 0% - 30% - 0:00
PK Forward
1 - 72% - 60% - 2:52
2 - 28% - 40% - 1:06
PK Defense
1 - 59% - 60% - 2:20
2 - 41% - 40% - 1:38
PK3 Forward
1 - 0% - 60%
2 - 0% - 40%
PK3 Defense
1 - 0% - 60%
2 - 0% - 40%
44 Forward
1 - 0% - 60%
2 - 0% - 40%
44 Defense
1 - 0% - 60%
2 - 0% - 40%
Last Minute Offensive  - 0:00
Last Minute Defensive  - 0:00
Total
Forward - 60:00
Defense - 60:00

% Time on Ice - Harfangs

Lines # - Real PCT - Wanted PCT - Time Play
Normal Forward
1 - 31% - 40% - 15:16
2 - 25% - 30% - 12:21
3 - 20% - 20% - 10:00
4 - 24% - 10% - 12:00
Normal Defense
1 - 46% - 40% - 23:00
2 - 25% - 30% - 12:31
3 - 20% - 20% - 9:41
4 - 9% - 10% - 4:25
PP Forward
1 - 54% - 60% - 2:08
2 - 46% - 40% - 1:50
PP Defense
1 - 68% - 60% - 2:41
2 - 32% - 40% - 1:17
PK Forward
1 - 71% - 60% - 4:32
2 - 29% - 40% - 1:53
PK Defense
1 - 70% - 60% - 4:29
2 - 30% - 40% - 1:56
PK3 Forward
1 - 0% - 60%
2 - 0% - 40%
PK3 Defense
1 - 0% - 60%
2 - 0% - 40%
44 Forward
1 - 0% - 60%
2 - 0% - 40%
44 Defense
1 - 0% - 60%
2 - 0% - 40%
Last Minute Offensive  - 0:00
Last Minute Defensive  - 0:00
Total
Forward - 60:00
Defense - 60:00

Play by Play

1st period


0:01 of 1st period - Bobby Butler wins face-off versus Cody Eakin in neutral zone.
0:04 of 1st period - Wrist shot by Bobby Butler.
0:04 of 1st period - Shot Blocked by Tomas Kubalik.
0:08 of 1st period - Snap shot by Bobby Butler.
0:08 of 1st period - Stopped by Andrew Hammond without a rebound.
0:09 of 1st period - Cody Eakin wins face-off versus Nicolas Blanchard in Harfangs zone.
0:24 of 1st period - Wrist shot by Nicolas Blanchard.
0:24 of 1st period - Stopped by Andrew Hammond with a rebound.
0:26 of 1st period - Slapshot by Andrew Campbell.
0:26 of 1st period - Shot Blocked by Brian Lashoff.
1:20 of 1st period - Icing by Brian Lashoff.
1:21 of 1st period - Corban Knight wins face-off versus Cody Eakin in Harfangs zone.
1:42 of 1st period - Wrist shot by Vojtech Polak.
1:42 of 1st period - Shot Misses the Net.
1:44 of 1st period - Slapshot by Cody Eakin.
1:44 of 1st period - Shot Misses the Net.
1:46 of 1st period - Wrist shot by Vojtech Polak.
1:46 of 1st period - Stopped by Olivier Roy without a rebound.
1:47 of 1st period - Brandon McMillan wins face-off versus Calle Jarnkrok in Demolitions zone.
1:54 of 1st period - Slapshot by Frazer Mclaren.
1:54 of 1st period - Stopped by Andrew Hammond with a rebound.
1:56 of 1st period - Slapshot by Derek Forbort.
1:56 of 1st period - Shot Misses the Net.
1:58 of 1st period - Snap shot by Brandon McMillan.
1:58 of 1st period - Deflect By Frazer Mclaren.
1:58 of 1st period - Deflect By Dustin Jeffrey.
1:58 of 1st period - Shot Misses the Net.
1:58 of 1st period - Puck is out of play.
1:59 of 1st period - Boone Jenner wins face-off versus Andrej Nestrasil in Harfangs zone.
2:24 of 1st period - Danny DeKeiser is hit by Nick Holden and loses puck.
3:11 of 1st period - Wrist shot by Andrej Nestrasil.
3:11 of 1st period - Shot Blocked by Dylan Olsen.
3:26 of 1st period - Backhand shot by Nathan Beaulieu.
3:26 of 1st period - Stopped by Olivier Roy with a rebound.
4:00 of 1st period - Snap shot by Mikko Lehtonen.
4:00 of 1st period - Shot Misses the Net.
4:07 of 1st period - Icing by Nathan Beaulieu.
4:08 of 1st period - Angelo Esposito wins face-off versus Nicolas Blanchard in Harfangs zone.
4:19 of 1st period - Snap shot by Michal Repik.
4:19 of 1st period - Stopped by Olivier Roy with a rebound.
4:21 of 1st period - Backhand shot by Nathan Beaulieu.
4:21 of 1st period - Shot Blocked by Erik Condra.
4:23 of 1st period - Snap shot by Michal Repik.
4:23 of 1st period - Goal by Michal Repik - Demolitions : 0 - Harfangs : 1.
4:24 of 1st period - Erik Condra wins face-off versus Calle Jarnkrok in neutral zone.
5:22 of 1st period - Snap shot by Tomas Kubalik.
5:22 of 1st period - Stopped by Olivier Roy with a rebound.
6:31 of 1st period - Mike Sauer is hit by Dustin Jeffrey and loses puck.
7:37 of 1st period - Andreas Martinsen is hit by Bobby Butler and loses puck.
8:39 of 1st period - Angelo Esposito is hit by Mikko Lehtonen and loses puck.
9:40 of 1st period - Victor Bartley is hit by Nicolas Blanchard.
9:52 of 1st period - Vojtech Polak is hit by Corban Knight and loses puck.
10:11 of 1st period - Nick Holden is hit by Seth Helgeson and loses puck.
10:37 of 1st period - Slapshot by Andrej Nestrasil.
10:37 of 1st period - Stopped by Andrew Hammond without a rebound.
10:38 of 1st period - Nicolas Blanchard wins face-off versus Boone Jenner in Harfangs zone.
10:41 of 1st period - Snap shot by Bobby Butler.
10:41 of 1st period - Goal by Bobby Butler - Demolitions : 1 - Harfangs : 1.
10:42 of 1st period - Cody Eakin wins face-off versus Nicolas Blanchard in neutral zone.
10:47 of 1st period - Wrist shot by Tomas Kubalik.
10:47 of 1st period - Stopped by Olivier Roy without a rebound.
10:48 of 1st period - Cody Eakin wins face-off versus Nicolas Blanchard in Demolitions zone.
10:49 of 1st period - Wrist shot by Vojtech Polak.
10:49 of 1st period - Stopped by Olivier Roy with a rebound.
11:15 of 1st period - Snap shot by Tomas Kubalik.
11:15 of 1st period - Stopped by Olivier Roy without a rebound.
11:16 of 1st period - Brandon Pirri wins face-off versus Corban Knight in Demolitions zone.
11:35 of 1st period - Slapshot by Ryan Bayda.
11:35 of 1st period - Stopped by Andrew Hammond without a rebound.
11:36 of 1st period - Cody Eakin wins face-off versus Nicolas Blanchard in Harfangs zone.
11:38 of 1st period - Minor Penalty to Tomas Kubalik for Boarding.
11:39 of 1st period - Cody Eakin wins face-off versus Nicolas Blanchard in Harfangs zone.
11:55 of 1st period - Vojtech Polak is hit by Bobby Butler and loses puck.
12:14 of 1st period - Brian Lashoff is hit by Danny DeKeiser and loses puck.
13:38 of 1st period - Penalty to Tomas Kubalik is over, Tomas Kubalik is back on ice.
13:46 of 1st period - Wrist shot by Tomas Kubalik.
13:46 of 1st period - Shot Misses the Net.
13:54 of 1st period - Slapshot by Tomas Kubalik.
13:54 of 1st period - Deflect By Derek Forbort.
13:54 of 1st period - Shot Blocked by Derek Forbort.
13:54 of 1st period - Puck is out of play.
13:55 of 1st period - Calle Jarnkrok wins face-off versus Brandon McMillan in Demolitions zone.
13:56 of 1st period - Snap shot by Dustin Jeffrey.
13:56 of 1st period - Stopped by Olivier Roy without a rebound.
13:57 of 1st period - Calle Jarnkrok wins face-off versus Brandon McMillan in Demolitions zone.
14:02 of 1st period - Snap shot by Brandon Pirri.
14:02 of 1st period - Shot Blocked by Andrew Campbell.
14:58 of 1st period - Danny DeKeiser is hit by Jujhar Khaira and loses puck.
15:07 of 1st period - Minor Penalty to Michal Repik for Hooking.
15:08 of 1st period - Cody Eakin wins face-off versus Nicolas Blanchard in Harfangs zone.
15:37 of 1st period - Dylan Olsen is hit by Bobby Butler and loses puck.
17:00 of 1st period - Billy Sweat is hit by Tomas Kubalik and loses puck.
17:07 of 1st period - Penalty to Michal Repik is over, Michal Repik is back on ice.
17:15 of 1st period - Snap shot by Angelo Esposito.
17:15 of 1st period - Shot Blocked by Frazer Mclaren.
17:17 of 1st period - Wrist shot by Michal Repik.
17:17 of 1st period - Shot Misses the Net.
17:22 of 1st period - Minor Penalty to Frazer Mclaren for Interference.
17:23 of 1st period - Ryan Bayda wins face-off versus Cody Eakin in Demolitions zone.
17:31 of 1st period - Ryan Bayda is hit by Vojtech Polak and loses puck.
17:59 of 1st period - Off-side.
18:00 of 1st period - Calle Jarnkrok wins face-off versus Erik Condra in neutral zone.
18:03 of 1st period - Snap shot by Dustin Jeffrey.
18:03 of 1st period - Shot Misses the Net.
18:27 of 1st period - Robert Bortuzzo is hit by Tomas Kubalik and loses puck.
18:36 of 1st period - Wrist shot by Cody Eakin.
18:36 of 1st period - Deflect By Robert Bortuzzo.
18:36 of 1st period - Stopped by Olivier Roy without a rebound.
18:37 of 1st period - Erik Condra wins face-off versus Cody Eakin in Demolitions zone.
19:08 of 1st period - Bobby Butler is hit by Victor Bartley and loses puck.
19:22 of 1st period - Penalty to Frazer Mclaren is over, Frazer Mclaren is back on ice.
19:53 of 1st period - Snap shot by Angelo Esposito.
19:53 of 1st period - Deflect By Michal Repik.
19:53 of 1st period - Shot Misses the Net.
19:53 of 1st period - Puck is out of play.
19:54 of 1st period - Angelo Esposito wins face-off versus Andrej Nestrasil in Demolitions zone.
19:59 of 1st period - Snap shot by Victor Bartley.
19:59 of 1st period - Deflect By Michal Repik.
19:59 of 1st period - Shot Misses the Net.
19:59 of 1st period - Puck is out of play.
Goals for this period are 1 for Demolitions vs 1 for Harfangs.
Shots for this period are 6 for Demolitions vs 10 for Harfangs.

2nd period


0:01 of 2nd period - Cody Eakin wins face-off versus Nicolas Blanchard in neutral zone.
0:26 of 2nd period - Victor Bartley is hit by Jack Skille and loses puck.
0:37 of 2nd period - Wrist shot by Ryan Bayda.
0:37 of 2nd period - Stopped by Andrew Hammond with a rebound.
1:01 of 2nd period - Wrist shot by Andreas Martinsen.
1:01 of 2nd period - Deflect By Boone Jenner.
1:01 of 2nd period - Stopped by Olivier Roy with a rebound.
2:05 of 2nd period - Snap shot by Andreas Martinsen.
2:05 of 2nd period - Stopped by Olivier Roy without a rebound.
2:06 of 2nd period - Andreas Martinsen wins face-off versus Nicolas Blanchard in Demolitions zone.
2:33 of 2nd period - Reid McNeill is hit by Brandon McMillan and loses puck.
2:52 of 2nd period - Dylan Olsen is hit by Andrew Campbell and loses puck.
3:11 of 2nd period - Wrist shot by Ryan Bayda.
3:11 of 2nd period - Shot Blocked by Dylan Olsen.
3:42 of 2nd period - Brandon Pirri is hit by Danny DeKeiser and loses puck.
3:49 of 2nd period - Wrist shot by Brandon Pirri.
3:49 of 2nd period - Shot Misses the Net.
4:05 of 2nd period - Danny DeKeiser is hit by Alex Plante and loses puck.
4:14 of 2nd period - Wrist shot by Michal Repik.
4:14 of 2nd period - Shot Misses the Net.
4:38 of 2nd period - Tomas Kubalik is hit by Frazer Mclaren and loses puck.
5:42 of 2nd period - Dylan Olsen is hit by Corban Knight and loses puck.
6:50 of 2nd period - Jujhar Khaira is hit by Derek Forbort and loses puck.
7:05 of 2nd period - Wrist shot by Brandon McMillan.
7:05 of 2nd period - Shot Blocked by Mark Alt.
7:07 of 2nd period - Backhand shot by Aaron Palushaj.
7:07 of 2nd period - Stopped by Andrew Hammond without a rebound.
7:08 of 2nd period - Cody Eakin wins face-off versus Brandon McMillan in Harfangs zone.
7:13 of 2nd period - Slapshot by Brian Lashoff.
7:13 of 2nd period - Shot Blocked by Frazer Mclaren.
7:56 of 2nd period - Andreas Martinsen is hit by Corban Knight.
8:08 of 2nd period - Icing by Derek Forbort.
8:09 of 2nd period - Tomas Kubalik wins face-off versus Ryan Russell in Demolitions zone.
8:10 of 2nd period - Snap shot by Vojtech Polak.
8:10 of 2nd period - Shot Blocked by Robert Bortuzzo.
8:12 of 2nd period - Wrist shot by Tomas Kubalik.
8:12 of 2nd period - Stopped by Olivier Roy with a rebound.
8:24 of 2nd period - Wrist shot by Vojtech Polak.
8:24 of 2nd period - Stopped by Olivier Roy without a rebound.
8:25 of 2nd period - Bobby Butler wins face-off versus Calle Jarnkrok in Demolitions zone.
8:55 of 2nd period - Slapshot by Nathan Beaulieu.
8:55 of 2nd period - Shot Blocked by Mike Sauer.
8:57 of 2nd period - Wrist shot by Cody Eakin.
8:57 of 2nd period - Stopped by Olivier Roy without a rebound.
8:58 of 2nd period - Nicolas Blanchard wins face-off versus Cody Eakin in Demolitions zone.
8:58 of 2nd period - Nicolas Blanchard is hit by Vojtech Polak.
9:08 of 2nd period - Snap shot by Andrew Campbell.
9:08 of 2nd period - Deflect By Tomas Kubalik.
9:08 of 2nd period - Stopped by Andrew Hammond without a rebound.
9:09 of 2nd period - Cody Eakin wins face-off versus Nicolas Blanchard in Harfangs zone.
9:18 of 2nd period - Snap shot by Tomas Kubalik.
9:18 of 2nd period - Shot Misses the Net.
9:20 of 2nd period - Snap shot by Vojtech Polak.
9:20 of 2nd period - Stopped by Olivier Roy with a rebound.
10:34 of 2nd period - Wrist shot by Ryan Russell.
10:34 of 2nd period - Shot Misses the Net.
10:36 of 2nd period - Wrist shot by Andrej Nestrasil.
10:36 of 2nd period - Stopped by Andrew Hammond without a rebound.
10:37 of 2nd period - Andrej Nestrasil wins face-off versus Calle Jarnkrok in Harfangs zone.
10:46 of 2nd period - Wrist shot by Andrej Nestrasil.
10:46 of 2nd period - Shot Misses the Net.
11:06 of 2nd period - Wrist shot by Bobby Butler.
11:06 of 2nd period - Stopped by Andrew Hammond with a rebound.
11:08 of 2nd period - Slapshot by Robert Bortuzzo.
11:08 of 2nd period - Stopped by Andrew Hammond without a rebound.
11:09 of 2nd period - Cody Eakin wins face-off versus Bobby Butler in Harfangs zone.
11:39 of 2nd period - Wrist shot by Brandon Pirri.
11:39 of 2nd period - Shot Misses the Net.
11:41 of 2nd period - Snap shot by Dustin Jeffrey.
11:41 of 2nd period - Deflect By Andrew Campbell.
11:41 of 2nd period - Stopped by Olivier Roy with a rebound.
11:43 of 2nd period - Slapshot by Nick Holden.
11:43 of 2nd period - Stopped by Olivier Roy with a rebound.
12:07 of 2nd period - Slapshot by Andrew Campbell.
12:07 of 2nd period - Stopped by Andrew Hammond with a rebound.
12:21 of 2nd period - Bobby Butler is hit by Vojtech Polak and loses puck.
12:47 of 2nd period - Wrist shot by Dennis Everberg.
12:47 of 2nd period - Stopped by Olivier Roy with a rebound.
13:23 of 2nd period - Backhand shot by Michal Repik.
13:23 of 2nd period - Stopped by Olivier Roy with a rebound.
13:29 of 2nd period - Slapshot by Robert Bortuzzo.
13:29 of 2nd period - Shot Misses the Net.
13:31 of 2nd period - Slapshot by Derek Forbort.
13:31 of 2nd period - Stopped by Andrew Hammond with a rebound.
13:57 of 2nd period - Dennis Everberg is hit by Andrej Nestrasil and loses puck.
14:23 of 2nd period - Calle Jarnkrok is hit by Corban Knight and loses puck.
14:44 of 2nd period - Snap shot by Vojtech Polak.
14:44 of 2nd period - Stopped by Olivier Roy with a rebound.
14:56 of 2nd period - Wrist shot by Dennis Everberg.
14:56 of 2nd period - Stopped by Olivier Roy without a rebound.
14:57 of 2nd period - Andrej Nestrasil wins face-off versus Dennis Everberg in Demolitions zone.
15:08 of 2nd period - Icing by Dennis Everberg.
15:09 of 2nd period - Nicolas Blanchard wins face-off versus Boone Jenner in Harfangs zone.
15:36 of 2nd period - Danny DeKeiser is hit by Victor Bartley and loses puck.
16:20 of 2nd period - Minor Penalty to Dylan Olsen for Boarding.
16:21 of 2nd period - Cody Eakin wins face-off versus Nicolas Blanchard in Harfangs zone.
16:48 of 2nd period - Snap shot by Jack Skille.
16:48 of 2nd period - Goal by Jack Skille - Demolitions : 2 - Harfangs : 1.
16:49 of 2nd period - Nicolas Blanchard wins face-off versus Cody Eakin in neutral zone.
16:52 of 2nd period - Slapshot by Bobby Butler.
16:52 of 2nd period - Shot Blocked by Brian Lashoff.
16:54 of 2nd period - Wrist shot by Nicolas Blanchard.
16:54 of 2nd period - Shot Blocked by Brian Lashoff.
16:56 of 2nd period - Wrist shot by Bobby Butler.
16:56 of 2nd period - Shot Blocked by Victor Bartley.
16:58 of 2nd period - Slapshot by Mike Sauer.
16:58 of 2nd period - Deflect By Erik Condra.
16:58 of 2nd period - Goal by Erik Condra - Demolitions : 3 - Harfangs : 1.
16:59 of 2nd period - Nicolas Blanchard wins face-off versus Cody Eakin in neutral zone.
17:12 of 2nd period - Slapshot by Erik Condra.
17:12 of 2nd period - Deflect By Bobby Butler.
17:12 of 2nd period - Stopped by Andrew Hammond with a rebound.
17:14 of 2nd period - Snap shot by Erik Condra.
17:14 of 2nd period - Shot Misses the Net.
17:26 of 2nd period - Calle Jarnkrok is hit by Danny DeKeiser.
17:52 of 2nd period - Off-side.
17:53 of 2nd period - Angelo Esposito wins face-off versus Bobby Butler in neutral zone.
18:00 of 2nd period - Wrist shot by Angelo Esposito.
18:00 of 2nd period - Stopped by Olivier Roy with a rebound.
18:08 of 2nd period - Slapshot by Jujhar Khaira.
18:08 of 2nd period - Shot Misses the Net.
18:22 of 2nd period - Wrist shot by Angelo Esposito.
18:22 of 2nd period - Shot Misses the Net.
18:24 of 2nd period - Slapshot by Dylan Olsen.
18:24 of 2nd period - Stopped by Olivier Roy with a rebound.
18:53 of 2nd period - Snap shot by Erik Condra.
18:53 of 2nd period - Stopped by Andrew Hammond without a rebound.
18:54 of 2nd period - Corban Knight wins face-off versus Cody Eakin in Harfangs zone.
19:01 of 2nd period - Slapshot by Jack Skille.
19:01 of 2nd period - Stopped by Andrew Hammond with a rebound.
19:09 of 2nd period - Snap shot by Brian Lashoff.
19:09 of 2nd period - Deflect By Vojtech Polak.
19:09 of 2nd period - Stopped by Olivier Roy with a rebound.
19:16 of 2nd period - Icing by Mike Sauer.
19:17 of 2nd period - Corban Knight wins face-off versus Calle Jarnkrok in Demolitions zone.
19:30 of 2nd period - Brandon Pirri is hit by Brandon McMillan.
19:34 of 2nd period - Seth Helgeson is hit by Calle Jarnkrok and loses puck.
19:47 of 2nd period - Snap shot by Vojtech Polak.
19:47 of 2nd period - Goal by Vojtech Polak - Demolitions : 3 - Harfangs : 2.
19:48 of 2nd period - Nicolas Blanchard wins face-off versus Cody Eakin in neutral zone.
19:51 of 2nd period - Vojtech Polak is hit by Bobby Butler and loses puck.
Goals for this period are 2 for Demolitions vs 1 for Harfangs.
Shots for this period are 13 for Demolitions vs 16 for Harfangs.

3rd period


0:01 of 3rd period - Nicolas Blanchard wins face-off versus Cody Eakin in neutral zone.
0:26 of 3rd period - Danny DeKeiser is hit by Brian Lashoff and loses puck.
0:54 of 3rd period - Off-side.
0:55 of 3rd period - Nicolas Blanchard wins face-off versus Cody Eakin in neutral zone.
1:00 of 3rd period - Slapshot by Bobby Butler.
1:00 of 3rd period - Goal by Bobby Butler - Demolitions : 4 - Harfangs : 2.
1:01 of 3rd period - Nicolas Blanchard wins face-off versus Cody Eakin in neutral zone.
1:55 of 3rd period - Wrist shot by Brandon McMillan.
1:55 of 3rd period - Goal by Brandon McMillan - Demolitions : 5 - Harfangs : 2.
1:55 of 3rd period - Anton Forsberg enters game.
1:56 of 3rd period - Cody Eakin wins face-off versus Nicolas Blanchard in neutral zone.
2:21 of 3rd period - Brian Lashoff is hit by Seth Helgeson and loses puck.
2:44 of 3rd period - Wrist shot by Andreas Martinsen.
2:44 of 3rd period - Shot Blocked by Danny DeKeiser.
2:46 of 3rd period - Wrist shot by Boone Jenner.
2:46 of 3rd period - Shot Misses the Net.
4:55 of 3rd period - Robert Bortuzzo is hit by Brandon Pirri and loses puck.
5:11 of 3rd period - Brian Lashoff is hit by Erik Condra and loses puck.
5:12 of 3rd period - Brian Lashoff from Harfangs is injured at 5:12 of 3rd period (Strained Right Elbow).
5:13 of 3rd period - Nicolas Blanchard wins face-off versus Cody Eakin in Harfangs zone.
5:20 of 3rd period - Slapshot by Nicolas Blanchard.
5:20 of 3rd period - Goal by Nicolas Blanchard - Demolitions : 6 - Harfangs : 2.
5:21 of 3rd period - Nicolas Blanchard wins face-off versus Cody Eakin in neutral zone.
5:55 of 3rd period - Snap shot by Ryan Bayda.
5:55 of 3rd period - Stopped by Anton Forsberg without a rebound.
5:56 of 3rd period - Calle Jarnkrok wins face-off versus Corban Knight in Harfangs zone.
5:56 of 3rd period - Calle Jarnkrok is hit by Corban Knight.
6:01 of 3rd period - Nathan Beaulieu is hit by Jack Skille and loses puck.
6:04 of 3rd period - Minor Penalty to Corban Knight for Boarding.
6:05 of 3rd period - Ryan Bayda wins face-off versus Cody Eakin in Demolitions zone.
6:05 of 3rd period - Ryan Bayda is hit by Tomas Kubalik.
6:39 of 3rd period - Snap shot by Dustin Jeffrey.
6:39 of 3rd period - Shot Misses the Net.
7:37 of 3rd period - Dustin Jeffrey is hit by Mike Sauer and loses puck.
8:04 of 3rd period - Penalty to Corban Knight is over, Corban Knight is back on ice.
8:34 of 3rd period - Backhand shot by Michal Repik.
8:34 of 3rd period - Shot Misses the Net.
8:36 of 3rd period - Snap shot by Michal Repik.
8:36 of 3rd period - Stopped by Olivier Roy without a rebound.
8:37 of 3rd period - Jujhar Khaira wins face-off versus Ryan Russell in Demolitions zone.
8:50 of 3rd period - Wrist shot by Mikko Lehtonen.
8:50 of 3rd period - Shot Misses the Net.
9:39 of 3rd period - Wrist shot by Angelo Esposito.
9:39 of 3rd period - Shot Misses the Net.
9:41 of 3rd period - Slapshot by Nick Holden.
9:41 of 3rd period - Shot Blocked by Danny DeKeiser.
9:43 of 3rd period - Slapshot by Nick Holden.
9:43 of 3rd period - Shot Misses the Net.
9:45 of 3rd period - Snap shot by Jujhar Khaira.
9:45 of 3rd period - Stopped by Olivier Roy with a rebound.
9:47 of 3rd period - Wrist shot by Michal Repik.
9:47 of 3rd period - Stopped by Olivier Roy with a rebound.
9:49 of 3rd period - Snap shot by Nick Holden.
9:49 of 3rd period - Stopped by Olivier Roy with a rebound.
9:51 of 3rd period - Slapshot by Michal Repik.
9:51 of 3rd period - Stopped by Olivier Roy with a rebound.
9:53 of 3rd period - Snap shot by Mark Alt.
9:53 of 3rd period - Stopped by Olivier Roy with a rebound.
10:23 of 3rd period - Snap shot by Mikko Lehtonen.
10:23 of 3rd period - Shot Misses the Net.
10:42 of 3rd period - Wrist shot by Michal Repik.
10:42 of 3rd period - Stopped by Olivier Roy with a rebound.
10:44 of 3rd period - Wrist shot by Jujhar Khaira.
10:44 of 3rd period - Shot Blocked by Mikko Lehtonen.
10:46 of 3rd period - Snap shot by Angelo Esposito.
10:46 of 3rd period - Deflect By Jujhar Khaira.
10:46 of 3rd period - Stopped by Olivier Roy with a rebound.
10:48 of 3rd period - Wrist shot by Michal Repik.
10:48 of 3rd period - Shot Blocked by Danny DeKeiser.
10:50 of 3rd period - Slapshot by Nick Holden.
10:50 of 3rd period - Stopped by Olivier Roy without a rebound.
10:51 of 3rd period - Nicolas Blanchard wins face-off versus Tomas Kubalik in Demolitions zone.
11:16 of 3rd period - Ryan Bayda is hit by Brandon Pirri and loses puck.
11:42 of 3rd period - Snap shot by Aaron Palushaj.
11:42 of 3rd period - Stopped by Anton Forsberg without a rebound.
11:43 of 3rd period - Brandon McMillan wins face-off versus Cody Eakin in Harfangs zone.
11:44 of 3rd period - Slapshot by Frazer Mclaren.
11:44 of 3rd period - Stopped by Anton Forsberg with a rebound.
11:46 of 3rd period - Slapshot by Robert Bortuzzo.
11:46 of 3rd period - Stopped by Anton Forsberg without a rebound.
11:47 of 3rd period - Cody Eakin wins face-off versus Erik Condra in Harfangs zone.
11:54 of 3rd period - Tomas Kubalik is hit by Derek Forbort.
11:58 of 3rd period - Victor Bartley and Erik Condra fight to a draw.
11:58 of 3rd period - Penalty to Victor Bartley for Fighting.
11:58 of 3rd period - Penalty to Erik Condra for Fighting.
11:58 of 3rd period - Penalty to Victor Bartley for instigated a fight.
11:58 of 3rd period - Penalty to Victor Bartley for instigated a fight.
11:59 of 3rd period - Cody Eakin wins face-off versus Nicolas Blanchard in Demolitions zone.
12:29 of 3rd period - Nick Holden is hit by Jack Skille and loses puck.
13:58 of 3rd period - Penalty to Victor Bartley is over, Brandon Pirri is send on ice.
14:51 of 3rd period - Snap shot by Mikko Lehtonen.
14:51 of 3rd period - Shot Misses the Net.
15:14 of 3rd period - Jujhar Khaira is hit by Nicolas Blanchard.
15:33 of 3rd period - Cody Eakin is hit by Derek Forbort and loses puck.
16:05 of 3rd period - Nathan Beaulieu is hit by Corban Knight and loses puck.
16:25 of 3rd period - Dennis Everberg is hit by Seth Helgeson and loses puck.
16:38 of 3rd period - Billy Sweat is hit by Jujhar Khaira and loses puck.
16:45 of 3rd period - Wrist shot by Angelo Esposito.
16:45 of 3rd period - Stopped by Olivier Roy with a rebound.
17:02 of 3rd period - Vojtech Polak is hit by Mike Sauer and loses puck.
17:22 of 3rd period - Calle Jarnkrok is hit by Derek Forbort and loses puck.
17:56 of 3rd period - Cody Eakin is hit by Jack Skille.
18:00 of 3rd period - Nathan Beaulieu is hit by Corban Knight and loses puck.
18:23 of 3rd period - Andrew Campbell is hit by Dustin Jeffrey and loses puck.
18:41 of 3rd period - Nick Holden is hit by Erik Condra and loses puck.
18:48 of 3rd period - Andrew Campbell is hit by Michal Repik and loses puck.
19:01 of 3rd period - Wrist shot by Mikko Lehtonen.
19:01 of 3rd period - Stopped by Anton Forsberg with a rebound.
19:03 of 3rd period - Snap shot by Andrew Campbell.
19:03 of 3rd period - Stopped by Anton Forsberg with a rebound.
19:05 of 3rd period - Snap shot by Ryan Russell.
19:05 of 3rd period - Stopped by Anton Forsberg with a rebound.
19:29 of 3rd period - Icing by Tomas Kubalik.
19:30 of 3rd period - Cody Eakin wins face-off versus Nicolas Blanchard in Harfangs zone.
Goals for this period are 3 for Demolitions vs 0 for Harfangs.
Shots for this period are 10 for Demolitions vs 10 for Harfangs.